 Dungeon Crawl Stone Soup version 0.22-a0-159-g7ce444f (webtiles) character file.

4 4thArraOfDagon the Charlatan (level 1, 0/9 HPs)
             Began as a Felid Artificer on Feb 9, 2018.
             Slain by a frilled lizard (2 damage)
             ... on level 1 of the Dungeon.
             The game lasted 00:00:16 (114 turns).

4thArraOfDagon the Charlatan (Felid Artificer)       Turns: 114, Time: 00:00:16

Health: 0/9        AC:  1    Str:  8    XL:     1   Next: 50%
Magic:  4/4        EV: 18    Int: 12    God:
Gold:   0          SH:  0    Dex: 16    Spells: 0/0 levels left
                                        Lives:  0   Deaths: 0

rFire    . . .     SeeInvis +     - Unarmed
rCold    + . .     Gourm    .   (shield unavailable)
rNeg     . . .     Faith    .   (armour unavailable)
rPois    .         Spirit   .   (helmet unavailable)
rElec    .         Reflect  .   (cloak unavailable)
rCorr    .         Harm     .   (gloves unavailable)
MR       .....                  (boots unavailable)
Stlth    ++........             (no amulet)
HPRegen  0.03/turn              e - ring of protection from cold
MPRegen  0.09/turn              (no ring)

@: quick
A: very small, no armour, no weapons or thrown items, stealth, claws 1, fangs 3,
see invisible, carnivore, speed 1, shaggy fur 1, slow metabolism 1, sharp paws
a: no special abilities


You were on level 1 of the Dungeon.
You were not hungry.

You visited 1 branch of the dungeon, and saw 1 of its levels.

Inventory:

Jewellery
 e - a ring of protection from cold (left paw)
Wands
 a - a wand of flame (15)
 b - a wand of enslavement (15)
 c - a wand of random effects (15)
Potions
 f - a potion of flight {unknown}
 g - a potion of might {unknown}
Comestibles
 d - a ration


   Skills:
 + Level 1.1 Fighting
 + Level 2.8 Dodging
 + Level 1.6 Stealth
 * Level 1.2 Unarmed Combat
 - Level 3.2 Evocations


You couldn't memorise any spells.
You didn't know any spells.

Dungeon Overview and Level Annotations

Branches:
Dungeon (1/15)

Altars:


Innate Abilities, Weirdness & Mutations

You cannot wear armour.
You are incapable of wielding weapons or throwing items.
Your paws allow you to move quietly. (Stealth)
You have sharp claws.
You have razor-sharp teeth.
You have supernaturally acute eyesight. (SInv)
You are carnivorous and can eat meat at any time.
You cover ground quickly.
You are covered in fur. (AC +1)
You have a slow metabolism.
Your sharp claws are effective at attacking unaware monsters.


Message History

The frilled lizard hisses angrily.
You scratch the goblin.
You kill the goblin!
You miss the frilled lizard. The frilled lizard closely misses you.
You closely miss the frilled lizard. The frilled lizard barely misses you.
You barely miss the frilled lizard. You claw the frilled lizard.
Your bite misses the frilled lizard.
The frilled lizard is heavily wounded.
The frilled lizard bites you.
You miss the frilled lizard. Your bite misses the frilled lizard.
The frilled lizard is heavily wounded.
The frilled lizard barely misses you.
You closely miss the frilled lizard.
The frilled lizard is heavily wounded.
The frilled lizard bites you.
* * * LOW HITPOINT WARNING * * *
You completely miss the frilled lizard.
The frilled lizard is heavily wounded.
The frilled lizard bites you.
You die...

###.....♣♣
♣♣♣...♣♣ ♣♣.♣♣♣
##.....♣♣
♣♣♣♣.♣♣♣.♣♣
##.....♣♣
♣♣...♣♣♣♣♣ ♣♣
#######.....♣
♣♣♣♣....♣♣♣♣♣.
......#....♣♣♣
♣♣♣♣♣.....♣
#........♣♣♣♣
♣♣♣P♣♣♣
#####.##....♣♣♣
♣♣♣ #.###.....♣♣♣
#.##.#.@....♣
#.#.##l#......♣
#.#............
#.#..#.#..#....
.....#.........
..#........#####.
######.### #..
###


You could see a frilled lizard.

Vanquished Creatures
  A bat (D:1)
  A giant cockroach (D:1)
  A goblin (D:1)
3 creatures vanquished.

Notes
Turn   | Place    | Note
-------+----------+-------------------------------------------
     0 | D:1      | 4thArraOfDagon the Felid Artificer began the quest for the Orb.
     0 | D:1      | Reached XP level 1. HP: 9/9 MP: 4/4
   114 | D:1      | Slain by a frilled lizard

Vault maps used:
D:1:      kilobyte_arrival_exit_the_forest, st_stairs_12

Action                   || total
-------------------------++-------
Melee: Unarmed           ||    13
       Punch             ||     1
 Stab: Sleeping          ||     1
  Eat: Chunk             ||     1
Armor: Skin              ||     1
Dodge: Dodged            ||     6

Table legend:
 A = Spawn XP
 B = Non-spawn XP
 C = Spawn XP percentage of total XP
 D = Spawn monster count
 E = Non-spawn monster count
 F = Spawn count percentage of total count
 G = Total turns spent on level
                    A         B        C        D         E        F      G
               +---------+---------+-------+---------+---------+-------+---------
         Total |       0 |       6 |   0.0 |       0 |       3 |   0.0 |   114
               +---------+---------+-------+---------+---------+-------+---------
           D:1 |       0 |       6 |   0.0 |       0 |       3 |   0.0 |   114
               +---------+---------+-------+---------+---------+-------+---------
